 Dungeon Crawl Stone Soup version 0.30-a0-696-g2367cd04db (webtiles) character file.

Game seed: 13605347439462872262

86179 bmack86 the Severer (level 15, -6/136 HPs)
             Began as a Minotaur Fighter on Jan 20, 2023.
             Was the Champion of Okawaru.
             Mangled by an orc warrior
             ... wielding a +0 glaive
              (20 damage)
             ... on level 2 of the Orcish Mines.
             The game lasted 01:14:30 (21921 turns).

bmack86 the Severer (Minotaur Fighter)             Turns: 21921, Time: 01:14:30

Health: -6/136     AC: 29    Str: 31    XL:     15   Next: 40%
Magic:  17/21      EV:  6    Int:  5    God:    Okawaru [******]
Gold:   1662       SH: 24    Dex: 13    Spells: 14/14 levels left

rFire   + + .      SeeInvis +    R - +11 broad axe of Sin {holy, Fly rElec rF- rN+}
rCold   . . .      Faith    .    b - +6 tower shield of Gallantry {-Tele Harm rElec rPois}
rNeg    + . .      Spirit   .    J - +3 plate armour
rPois   +          Reflect  .    (helmet restricted)
rElec   +          Harm     +    T - +1 cloak of the Ageless Friends {-Tele rF+++ Slay+5 Stlth+}
rCorr   .          Rampage  .    j - +2 pair of gloves {hurl}
Will    +....      NoTele   +    P - +2 pair of boots Stlth
                                 u - amulet of regeneration
HPRegen 1.22/turn                r - ring of see invisible
MPRegen 0.17/turn                e - ring "Tegai" {rPois AC+4 Str+3 Dex+3 Stlth+}

@: finesse-ful, corroded, flying
A: horns 2, retaliatory headbutt
a: Renounce Religion, Heroism, Finesse, Duel


You were on level 2 of the Orcish Mines.
You worshipped Okawaru.
Okawaru was exalted by your worship.
You visited 4 branches of the dungeon, and saw 23 of its levels.
You also visited: Volcano.

You collected 2390 gold pieces.
You spent 728 gold pieces at shops.

Inventory:

Hand Weapons
 l - the +8 war axe of the Dragonfly {holy, rC+ Str+4}
   (You bought it in a shop on level 1 of the Dungeon)

   Str:       It affects your strength (+4).
   rC:        It protects you from cold.
 L - a +3 broad axe
 R - the +11 broad axe of Sin (weapon) {holy, Fly rElec rF- rN+}
   (You found it on level 2 of the Lair of Beasts)

   rF:        It makes you vulnerable to fire.
   rElec:     It insulates you from electricity.
   rN:        It protects you from negative energy.
   Fly:       It grants you flight.
 S - a +2 war axe of flaming
Missiles
 i - 7 curare-tipped darts
 n - 2 silver boomerangs
 B - 18 javelins (quivered)
 F - 3 silver javelins
 O - a throwing net
 U - 3 boomerangs
Armour
 b - the +6 tower shield of Gallantry (worn) {-Tele Harm rElec rPois}
   (Okawaru gifted it to you on level 3 of the Lair of Beasts)

   rElec:     It insulates you from electricity.
   rPois:     It protects you from poison.
   -Tele:     It prevents most forms of teleportation.
   Harm:      It increases damage dealt and taken.
 j - a +2 pair of gloves of hurling (worn)
 J - a +3 plate armour (worn)
 P - a +2 pair of boots (worn)
 T - the +1 cloak of the Ageless Friends (worn) {-Tele rF+++ Slay+5 Stlth+}
   (You bought it in a shop on level 12 of the Dungeon)

   Slay:      It affects your accuracy & damage with ranged weapons and melee
   (+5).
   rF:        It renders you almost immune to fire.
   -Tele:     It prevents most forms of teleportation.
   Stlth:     It makes you more stealthy.
Jewellery
 e - the ring "Tegai" (right hand) {rPois AC+4 Str+3 Dex+3 Stlth+}
   (You acquired it on level 5 of the Dungeon)

   [ring of protection]

   AC:        It affects your AC (+4).
   Str:       It affects your strength (+3).
   Dex:       It affects your dexterity (+3).
   rPois:     It protects you from poison.
   Stlth:     It makes you more stealthy.
 h - an amulet of guardian spirit
 r - a ring of see invisible (left hand)
 u - an amulet of regeneration (around neck)
 y - an amulet of reflection
 I - a ring of protection from cold
Wands
 s - a wand of roots (19)
 C - a wand of flame (74)
 G - a wand of light (13)
 M - a wand of polymorph (9)
Scrolls
 a - 7 scrolls of poison
 k - 5 scrolls of blinking
 p - 8 scrolls of fog
 x - 5 scrolls of identify
 D - 8 scrolls of teleportation
 H - a scroll of silence
 N - 2 scrolls of magic mapping
Potions
 d - 5 potions of might
 f - 3 potions of berserk rage
 g - 3 potions of cancellation
 m - 11 potions of curing
 o - 6 potions of heal wounds
 q - 3 potions of flight
 t - 3 potions of mutation
 v - a potion of resistance
 w - 3 potions of brilliance
 A - a potion of invisibility
 E - 4 potions of haste
 K - 3 potions of ambrosia
 Q - a potion of magic


   Skills:
 + Level 13.6 Fighting
 - Level 18.0 Axes
 - Level 10.0 Throwing
 + Level 13.6 Armour
 + Level 13.6 Shields
 + Level 10.3 Invocations


You had 14 spell levels left.
You didn't know any spells.
Your spell library contained the following spells:

 Spells                   Type           Power      Damage    Failure   Level
 Apportation              Tloc           0%         N/A       100%        1
 Freeze                   Ice            0%         1d3       100%        1
 Magic Dart               Conj           0%         1d3       100%        1
 Ensorcelled Hibernation  Hex/Ice        0%         N/A       100%        2
 Scorch                   Fire           0%         2d5       100%        2
 Static Discharge         Conj/Air       0%         2-2/arc   100%        2
 Dazzling Flash           Conj/Hex       0%         N/A       100%        3
 Frozen Ramparts          Ice            0%         1d1       100%        3
 Gell's Gravitas          Tloc           0%         N/A       100%        3
 Hailstorm                Conj/Ice       0%         3d3       100%        3
 Mephitic Cloud           Conj/Pois/Air  0%         N/A       100%        3
 Ozocubu's Armour         Ice            0%         N/A       100%        3
 Spider Form              Tmut/Pois      0%         N/A       100%        3
 Teleport Other           Tloc           0%         N/A       100%        3
 Vhi's Electric Charge    Tloc/Air       0%         N/A       100%        3
 Anguish                  Hex/Necr       0%         N/A       100%        4
 Cause Fear               Hex            0%         N/A       100%        4
 Flame Wave               Conj/Fire      0%         2d4       100%        4
 Iskenderun's Mystic Bla  Conj/Tloc      0%         2d3       100%        4
 Leda's Liquefaction      Hex/Erth       0%         N/A       100%        4
 Alistair's Intoxication  Tmut/Pois      0%         N/A       100%        5
 Arcjolt                  Conj/Air       0%         1d10      100%        5
 Fireball                 Conj/Fire      0%         3d3       100%        5
 Iskenderun's Battlesphe  Conj           0%         2d6       100%        5
 Lee's Rapid Deconstruct  Erth           0%         3d4*      100%        5
 Lightning Bolt           Conj/Air       0%         1d11      100%        5
 Conjure Ball Lightning   Conj/Air       0%         3x3d6     100%        6
 Dispersal                Tloc           0%         N/A       100%        6
 Starburst                Conj/Fire      0%         6d3       100%        6
 Statue Form              Tmut/Erth      0%         N/A       100%        6
 Dragon Form              Tmut           0%         N/A       100%        7
 Orb of Destruction       Conj           0%         9d5       100%        7
 Ozocubu's Refrigeration  Ice            0%         4d7       100%        7
 Call Imp                 Summ           Unusable   N/A       N/A         2
 Summon Cactus Giant      Summ           Unusable   N/A       N/A         6
 Dragon's Call            Summ           Unusable   N/A       N/A         9

Dungeon Overview and Level Annotations

Branches:
Dungeon (15/15)            Temple (1/1) D:5            Lair (5/5) D:11
  Swamp (0/4) Lair:2        Snake (0/4) Lair:3        Slime (0/5) Lair:5
    Orc (2/2) D:10            Elf (0/3) Orc:2        Vaults (0/5) D:14
 Depths (0/4) D:15        Volcano (visited)

Altars:
Ashenzari
Cheibriados
Dithmenos
Elyvilon
Fedhas
Gozag
Hepliaklqana
Kikubaaqudgha
Makhleb
Nemelex Xobeh
Okawaru
Qazlal
Ru
Sif Muna
Trog
Uskayaw
Vehumet
Wu Jian
Xom
Yredelemnul
Zin
The Shining One
Jiyva

Shops:
D:1 (   D:2 [   D:5 [   D:10 [   D:12 [(!

Annotations:
D:12 3 runed translucent doors, sirJeffrey23's ghost, journeyman HOFi
Lair:5 2 runed translucent doors


Innate Abilities, Weirdness & Mutations

You have a pair of horns on your head.
You reflexively headbutt those who attack you in melee.


Message History

You kill the orc wizard!
Okawaru accepts your kill.
You hit the orc. You slice the orc warrior!!
You kill the orc warrior!
Okawaru accepts your kill.
You slice the orange demon!!
The orange demon convulses!
You kill the orange demon!
The orange demon disappears in a puff of smoke!
You hit the orc warlord but do no damage.
You slash the orc high priest! You slice the orc!!
You kill the orc!
You barely miss the orc wizard.
You hear a shout! x4
The orc wizard hits you but does no damage.
You block the orc high priest's attack. x2
An orc warrior comes into view. It is wielding a +0 short sword.
The orc warrior completely misses you.
An orc priest comes into view. It is wielding a +0 short sword.
The orc warrior closely misses you.
You slash the orc priest!
You kill the orc priest!
Okawaru accepts your kill.
You slash the orc warlord! You hit the orc wizard. You hit the orc sorcerer.
You barely miss the orc high priest.
An orc priest, an orc high priest and an orc warrior come into view.
The orc priest shouts!
The orc high priest shouts!
The orc warrior shouts!
You hear a shout!
The rust devil hits you. The rust devil corrodes you!
An orc sorcerer comes into view. It is wielding a +0 dagger.
The orc wizard hits you but does no damage.
You block the orc knight's attack.
The orc priest begins to cast a cantrip, but forgets the words!
The orc warlord hits you with a +1 dire flail!!
* * * LOW HITPOINT WARNING * * *
The orc high priest calls down the wrath of Beogh upon you.
Beogh smites you!
* * * LOW HITPOINT WARNING * * *
The orc warrior throws a boomerang.
You block the boomerang.
The orc warrior hits you from afar with a +0 glaive!
You die...

.............#
.............# ...
.............# o.#
............># ...#
.............######.o.##
... ........#....oo...o
... ........#..oo4....o
... ..$.....))ooooo.oo.
... .......)o)o@...o..o
... .........)oo4...o.o
... ...........oo......
... ...................
... ........#...o......
... ........#.....o....
... ........######...##
... ...... ...# ...
........#


You could see an orc warlord (strong), 2 orc knights, 3 orc high priests, a rust
devil (summoned), 3 orc sorcerers, a red devil (summoned), 7 orc warriors, 4 orc
priests, 4 orc wizards and 3 orcs.

Vanquished Creatures
  An orc warlord (Orc:1)
  The ghost of PyroL the Fighter, a journeyman DjWr of Ashenzari (Lair:3)
  A dire elephant (D:15)
  An ettin (Orc:1)
  A fire dragon (Volcano)
  The ghost of Newt the Skirmisher, a journeyman KoHu of Hepliaklqana (Lair:2)
  A great orb of eyes (D:15)
  4 hydras
  An ogre mage (D:15)
  Erica (D:10)
  The ghost of osoart the Cudgeller, a novice TrGl of Wu Jian (D:10)
  6 centaur warriors
  4 two-headed ogres
  A boulder beetle (D:14)
  3 tengu warriors
  9 death yaks
  Urug (D:10)
  Sonja (D:10)
  Nergalle (D:12)
  4 sun demons (Volcano)
  3 skeletal warriors (D:15)
  2 lindwurms
  Pikel (D:5)
  A deep elf archer (D:14)
  2 deep elf pyromancers
  2 orc knights
  3 cyclopes
  2 deep elf zephyrmancers (D:14)
  10 ugly things (D:15)
  3 orc sorcerers
  3 oklob plants (Lair:5)
  A wolf spider (D:15)
  2 manticores
  A salamander (D:15)
  Joseph (D:7)
  7 black mambas
  8 slime creatures (D:13)
  A smoke demon (Volcano)
  3 molten gargoyles (Lair:5)
  7 cane toads
  A gargoyle (D:12)
  A rime drake (Lair:4)
  6 unseen horror zombies (D:9)
  2 kobold demonologists
  12 komodo dragons
  A freezing wraith (D:15)
  A tengu conjurer (D:13)
  4 yaktaurs (D:14)
  2 efreet
  4 polar bears
  7 trolls
  A tyrant leech (Lair:2)
  5 dream sheep (Lair:3)
  3 blink frogs (Lair:1)
  2 hornets (D:9)
  2 shadows (D:10)
  2 wraiths
  9 wyverns
  A centaur simulacrum (D:15)
  32 yaks
  3 fire bats (Orc:1)
  5 basilisks
  14 steam dragons
  A golden eye (shapeshifter) (D:14)
  12 vampire mosquitoes
  9 wargs
  Menkaure (D:7)
  5 acid dragons
  8 water moccasins
  9 hell hounds
  25 orc warriors
  2 ice beasts
  3 sky beasts
  9 ogres
  4 black bears
  6 centaurs
  5 boggarts (D:14)
  20 wolves
  3 phantoms
  6 kobold brigands
  4 lemures (D:5)
  3 necrophages (D:6)
  2 gnoll sergeants
  3 bullfrogs
  7 scorpions
  10 wights
  5 killer bees (D:7)
  A howler monkey (D:4)
  2 jellies
  2 centaur zombies (D:9)
  5 lava snakes (Lair:5)
  8 hounds
  A gnoll bouda (D:6)
  Crazy Yiuf (D:7)
  30 orc priests
  14 iguanas
  23 orc wizards
  4 hell rats (Lair:4)
  Terence (D:2)
  A killer bee zombie (D:9)
  5 adders
  11 gnolls
  A shadow imp (D:6)
  5 white imps
  5 ufetubi
  A worm (D:3)
  2 dart slugs
  105 orcs
  11 ball pythons
  3 bats
  8 endoplasms
  5 giant cockroaches
  19 goblins
  9 hobgoblins
  12 jackals
  16 kobolds
  5 quokkas
  2 frilled lizards
  5 rats
712 creatures vanquished.

Vanquished Creatures (others)
  6 fungi
  27 plants
33 creatures vanquished.

Grand Total: 745 creatures vanquished

Notes
Turn   | Place    | Note
-------+----------+-------------------------------------------
     0 | D:1      | bmack86 the Minotaur Fighter began the quest for the Orb.
     0 | D:1      | Reached XP level 1. HP: 19/19 MP: 0/0
   119 | D:1      | Found Lexawi's Antique Weapon Emporium.
   226 | D:1      | Reached XP level 2. HP: 27/27 MP: 1/1
   233 | D:1      | Found a faded altar of an unknown god.
   233 | D:1      | Noticed a Hell Sentinel
   415 | D:1      | Reached skill level 3 in Axes
   724 | D:1      | Reached XP level 3. HP: 33/33 MP: 2/2
  1269 | D:2      | Noticed Terence
  1275 | D:2      | Killed Terence
  1454 | D:2      | Reached XP level 4. HP: 40/40 MP: 3/3
  1702 | D:2      | Found Osumy's Armour Boutique.
  2031 | D:3      | Reached skill level 1 in Throwing
  2159 | D:3      | Found a shadowy altar of Dithmenos.
  2320 | D:3      | Reached skill level 4 in Axes
  2539 | D:4      | Reached XP level 5. HP: 47/47 MP: 4/4
  2551 | D:4      | Noticed an ogre
  2573 | D:4      | Killed an ogre
  2873 | D:4      | Reached skill level 5 in Axes
  2873 | D:4      | Reached XP level 6. HP: 38/53 MP: 5/5
  3049 | D:4      | Reached skill level 5 in Shields
  3123 | D:4      | Reached skill level 5 in Fighting
  3123 | D:4      | Reached skill level 5 in Armour
  3189 | D:4      | Identified the +5 robe "Heepeag" {Contam rPois Regen+ SInv}
  3460 | D:5      | Entered Level 5 of the Dungeon
  3475 | D:5      | Reached XP level 7. HP: 61/61 MP: 6/6
  3482 | D:5      | Identified a scroll of acquirement
  3482 | D:5      | Acquired the ring "Tegai" {rPois AC+4 Str+3 Dex+3 Stlth+}
  3703 | D:5      | Reached skill level 6 in Axes
  3979 | D:1      | Bought an iridescent war axe for 204 gold pieces
  3979 | D:1      | Identified the +8 war axe of the Dragonfly {holy, rC+
                  | Str+4} (You bought it in a shop on level 1 of the Dungeon)
  4242 | D:5      | Found Saobleg's Armour Shop.
  4256 | D:5      | Reached XP level 8. HP: 70/70 MP: 7/7
  4279 | D:5      | Noticed Pikel
  4291 | D:5      | Killed Pikel
  4292 | D:5      | Reached skill level 7 in Axes
  4541 | D:5      | Reached skill level 8 in Axes
  4819 | D:5      | Found a staircase to the Ecumenical Temple.
  4825 | Temple   | Entered the Ecumenical Temple
  4834 | Temple   | Became a worshipper of Warmaster Okawaru
  5093 | D:5      | Found a glowing silver altar of Zin.
  5222 | D:6      | Found a hazy altar of Hepliaklqana.
  5255 | D:6      | Reached skill level 1 in Invocations
  5330 | D:6      | Reached * piety under Okawaru
  5331 | D:6      | Reached XP level 9. HP: 78/78 MP: 8/8
  5498 | D:6      | Found an ornate altar of the Wu Jian Council.
  5617 | D:6      | Reached skill level 9 in Axes
  5735 | D:6      | Reached ** piety under Okawaru
  5775 | D:6      | Reached skill level 5 in Throwing
  6009 | D:6      | Reached skill level 10 in Axes
  6108 | D:6      | Found a bloodstained altar of Trog.
  6113 | D:6      | Reached XP level 10. HP: 88/88 MP: 11/11
  6123 | D:6      | Reached *** piety under Okawaru
  6636 | D:7      | Found a white marble altar of Elyvilon.
  7003 | D:7      | Noticed Menkaure
  7007 | D:7      | Killed Menkaure
  7020 | D:7      | Noticed Joseph
  7033 | D:7      | Killed Joseph
  7033 | D:7      | Reached **** piety under Okawaru
  7376 | D:7      | Found a runed translucent door.
  7377 | D:7      | Noticed Crazy Yiuf
  7382 | D:7      | Killed Crazy Yiuf
  7527 | D:8      | Noticed a two-headed ogre
  7536 | D:8      | Killed a two-headed ogre
  7537 | D:8      | Reached skill level 11 in Axes
  7953 | D:8      | Received a gift from Okawaru
  7954 | D:8      | Reached XP level 11. HP: 77/95 MP: 13/13
  8263 | D:8      | Identified the +1 leather armour of Duck's Teeth {rElec
                  | Will+}
  8335 | D:8      | Reached ***** piety under Okawaru
  8693 | D:5      | Bought a +1 pair of gloves of hurling for 231 gold pieces
  8899 | D:9      | Found an opulent altar of Gozag.
  9084 | D:9      | Reached skill level 5 in Invocations
  9409 | D:9      | Found a shimmering blue altar of Sif Muna.
  9516 | D:9      | Reached skill level 12 in Axes
  9517 | D:9      | Received a gift from Okawaru
  9545 | D:9      | Found a basalt altar of Yredelemnul.
  9674 | D:10     | Entered Level 10 of the Dungeon
  9674 | D:10     | Noticed a two-headed ogre
  9682 | D:10     | Killed a two-headed ogre
  9682 | D:10     | Received a gift from Okawaru
  9885 | D:10     | Found Qoupn's Antique Armour Shop.
  9890 | D:10     | Noticed Sonja
  9903 | D:10     | Killed Sonja
 10319 | D:10     | Noticed Urug
 10333 | D:10     | Killed Urug
 10333 | D:10     | Received a gift from Okawaru
 10476 | D:10     | Found a staircase to the Orcish Mines.
 10486 | D:10     | Found a blossoming altar of Fedhas.
 10486 | D:10     | Noticed Erica
 10505 | D:10     | Killed Erica
 10675 | D:10     | Found a runed translucent gate.
 10676 | D:10     | Found a runed translucent gate.
 10677 | D:10     | Found a runed translucent gate.
 10678 | D:10     | Noticed osoart's ghost (novice TrGl)
 10693 | D:10     | Reached skill level 13 in Axes
 10715 | D:10     | Killed osoart's ghost
 10716 | D:10     | Reached XP level 12. HP: 91/106 MP: 9/15
 10814 | D:11     | Reached skill level 10 in Shields
 10847 | D:11     | You fall into a shaft and drop 2 floors!
 11044 | D:13     | Reached skill level 10 in Fighting
 11044 | D:13     | Reached skill level 10 in Armour
 11725 | D:11     | Found a staircase to the Lair.
 12054 | Lair:1   | Entered Level 1 of the Lair of Beasts
 12094 | Lair:1   | Received a gift from Okawaru
 12301 | Lair:1   | Reached skill level 14 in Axes
 13015 | Lair:2   | Noticed a seven-headed hydra
 13022 | Lair:2   | Killed a seven-headed hydra
 13131 | Lair:2   | Noticed a death yak
 13131 | Lair:2   | Noticed a death yak
 13132 | Lair:2   | Noticed a death yak
 13132 | Lair:2   | Noticed a death yak
 13137 | Lair:2   | Killed a death yak
 13137 | Lair:2   | Received a gift from Okawaru
 13145 | Lair:2   | Killed a death yak
 13147 | Lair:2   | Killed a death yak
 13147 | Lair:2   | Received a gift from Okawaru
 13149 | Lair:2   | Killed a death yak
 13441 | Lair:2   | Found a staircase to the Swamp.
 13447 | Lair:2   | Reached XP level 13. HP: 115/115 MP: 17/17
 13630 | Lair:2   | Reached ****** piety under Okawaru
 13799 | Lair:2   | Found a runed translucent gate.
 13801 | Lair:2   | Found a runed translucent gate.
 13802 | Lair:2   | Found a runed translucent gate.
 13803 | Lair:2   | Noticed Newt's ghost (journeyman KoHu)
 13828 | Lair:2   | Killed Newt's ghost
 13838 | Lair:2   | Identified the +11 broad axe of Sin {holy, Fly rElec rF-
                  | rN+}
 14151 | Lair:3   | Received a gift from Okawaru
 14468 | Lair:3   | Reached skill level 15 in Axes
 14546 | Lair:3   | Identified the +6 tower shield of Gallantry {-Tele Harm
                  | rElec rPois} (Okawaru gifted it to you on level 3 of the
                  | Lair of Beasts)
 14546 | Lair:3   | Received a gift from Okawaru
 14627 | Lair:3   | Found a runed translucent gate.
 14627 | Lair:3   | Found a runed translucent gate.
 14628 | Lair:3   | Found a runed translucent gate.
 14634 | Lair:3   | Noticed PyroL's ghost (journeyman DjWr)
 14660 | Lair:3   | Killed PyroL's ghost
 15128 | Lair:3   | Found a staircase to the Snake Pit.
 15761 | Lair:5   | Entered Level 5 of the Lair of Beasts
 16096 | Lair:5   | Found a large runed translucent door.
 16098 | Lair:5   | Found a large runed translucent door.
 16194 | Lair:5   | Noticed a fire dragon
 16333 | Lair:5   | Received a gift from Okawaru
 16353 | Lair:5   | Reached skill level 16 in Axes
 16356 | Lair:5   | Reached XP level 14. HP: 77/126 MP: 19/19
 16492 | Lair:5   | Found a viscous altar of Jiyva.
 16575 | Lair:5   | Found a staircase to the Slime Pits.
 17237 | D:12     | Found Rirrihott's Distillery.
 17257 | D:12     | Bought a potion of heal wounds for 65 gold pieces
 17325 | D:12     | Found Kackuts's Antique Weapon Boutique.
 17346 | D:12     | Identified the +9 falchion of Fumem {venom, rN+ Int+4
                  | Dex+4}
 17633 | D:12     | Found Fuxeit's Antique Armour Boutique.
 17638 | D:12     | Bought a translucent cloak for 228 gold pieces
 17638 | D:12     | Identified the +1 cloak of the Ageless Friends {-Tele rF+++
                  | Slay+5 Stlth+} (You bought it in a shop on level 12 of the
                  | Dungeon)
 17762 | D:12     | Noticed Nergalle
 17768 | D:12     | Killed Nergalle
 17768 | D:12     | Received a gift from Okawaru
 17889 | D:12     | Found a runed translucent gate.
 17889 | D:12     | Found a runed translucent gate.
 17889 | D:12     | Found a runed translucent gate.
 17890 | D:12     | Noticed an azure jelly
 17890 | D:12     | Noticed an acid blob
 17891 | D:12     | Noticed an azure jelly
 17892 | D:12     | Noticed an acid blob
 17892 | D:12     | Noticed an acid blob
 17892 | D:12     | Noticed an azure jelly
 17892 | D:12     | Noticed sirJeffrey23's ghost (journeyman HOFi)
 17892 | D:12     | Noticed an acid blob
 17892 | D:12     | Noticed a rockslime
 17895 | D:12     | Found a viscous altar of Jiyva.
 18255 | D:13     | Identified the +2 scale mail of Orghoxt {rF++ rCorr}
 18691 | D:14     | Reached skill level 10 in Throwing
 18791 | D:14     | Received a gift from Okawaru
 18913 | D:14     | Found a gate to the Vaults.
 19235 | D:15     | Entered Level 15 of the Dungeon
 19273 | D:15     | Reached skill level 17 in Axes
 19598 | D:15     | Found a staircase to the Depths.
 19772 | D:15     | Received a gift from Okawaru
 19793 | D:15     | Reached XP level 15. HP: 124/135 MP: 21/21
 20207 | Orc:1    | Entered Level 1 of the Orcish Mines
 20258 | Orc:1    | Found a dark tunnel.
 20276 | Volcano  | Entered a volcano
 20450 | Volcano  | Reached skill level 10 in Invocations
 20871 | Orc:1    | Received a gift from Okawaru
 21008 | Orc:1    | Reached skill level 18 in Axes
 21013 | Orc:1    | Received a gift from Okawaru
 21302 | Orc:2    | Entered Level 2 of the Orcish Mines
 21310 | Orc:2    | Identified the +3 cloak of the Ward {Harm *Corrode Fly}
                  | (Okawaru gifted it to you on level 2 of the Orcish Mines)
 21310 | Orc:2    | Received a gift from Okawaru
 21783 | Orc:2    | Found a staircase to the Elven Halls.
 21921 | Orc:2    | Mangled by an orc warrior

Illustrated notes

Levels and vault maps discovered:
D:1:      kilobyte_arrival_exit_the_forest, layout_loops_corners, serial_shops,
          shop_fountains, dreamdust_ecumenical_altar_sealed_demon
D:2:      layout_loops_cross, serial_shops, shop, grunt_ministairs_5,
          minmay_misc_feat_iff, uniq_terence
D:3:      layout_basic, general_overflow_altar
D:4:      layout_basic, grunt_ministairs_3
D:5:      layout_loops_corners, mainiacjoe_overflow_alcove_2,
          minmay_temple_entry_butterflies, kennysheep_flooded_box,
          nicolae_inconvenience_store, kennysheep_generic_room_8, uniq_pikel
D:6:      kennysheep_windowed_halls, layout_cave_pools,
          nicolae_hepliaklqana_hazy_memory, nicolae_overflow_crystal_walls,
          trog_butcher_becter
D:7:      layout_basic, mainiacjoe_overflow_24_doors, serial_corexii_hall,
          chequers_hall_statues_y, corexii_hall_statues_i,
          grunt_decor_arrowhead, uniq_crazy_yiuf_cottage, uniq_joseph,
          uniq_menkaure
D:8:      corexii_shack_village, layout_loops_cross,
          hangedman_abyss_or_decor_clamps, amethyst_killhole
D:9:      layout_loops_ring, nicolae_gozag_seed_capital, kennysheep_mini,
          nicolae_yredelemnul_corpse_copse, david_defended_altar_orc
D:10:     layout_irregular_city, fedhas_altar_1, orc_0_dummy,
          biasface_ghost_orc_armoury, serial_shops, shop, uniq_erica,
          uniq_sonja, uniq_urug
D:11:     layout_cave_pools, erik_lair_orcish_takeover
D:12:     layout_roguey, serial_shops, shop, shop, nicolae_square_shop,
          gammafunk_ghost_ooze, uniq_nergalle
D:13:     layout_stronghold
D:14:     layout_small_grid, hangedman_vaults_entry_quadrant_bands,
          infiniplex_staircase_star
D:15:     hangedman_depths_entry_try_elsewhere_first, layout_loops_ring,
          grunt_decor_mini_mirrors
Temple:   nicolae_temple_no_exploring_needed
Lair:1:   layout_regular_city
Lair:2:   beast_lair_carwin_large_4, layout_regular_city,
          minmay_swamp_entry_worms, gammafunk_ghost_hydra_chop
Lair:3:   beast_lair_carwin_large_3, layout_chaotic_city, dummy_snake_entry,
          ebering_ghost_rock_garden, minivault_26
Lair:4:   layout_misc_corridors
Lair:5:   cheibrodos_lair_end_hotspot, layout_big_grid,
          minmay_slime_entry_oklob_enclosed
Orc:1:    layout_diamond_mine, nicolae_volcano_entry_batcave,
          minmay_orc_temple_b
Orc:2:    st_orc_congregation, layout_diamond_mine

Skill      XL: |  1  2  3  4  5  6  7  8  9 10 11 12 13 14 15 |
---------------+----------------------------------------------+-----
Axes           | 3 4 5 6 8 10 11 13 14 16 17 18 | 18.0
Armour         | 4 5 6 7 8 9 10 11 13 | 13.6
Fighting       | 4 5 6 7 8 9 10 12 13 | 13.6
Shields        | 4 5 6 7 8 9 11 12 13 | 13.6
Throwing       | 1 2 3 4 5 6 7 8 9 10 | 10.0
Invocations    | 1 3 4 6 7 8 9 10 | 10.3

Action                   |  1- 3 |  4- 6 |  7- 9 | 10-12 | 13-15 || total
-------------------------+-------+-------+-------+-------+-------++-------
Melee: War axe           |    66 |   123 |   174 |   442 |    73 ||   878
       Headbutt          |    10 |    17 |    30 |    75 |   136 ||   268
       Broad axe         |       |       |       |       |   554 ||   554
       Hand axe          |       |       |       |       |    10 ||    10
Throw: Boomerang         |       |       |       |    62 |    33 ||    95
       Dart              |       |       |       |     1 |       ||     1
Invok: Heroism           |       |       |       |     4 |     4 ||     8
       Finesse           |       |       |       |     2 |     4 ||     6
  Use: Scroll            |       |     3 |     8 |    24 |     6 ||    41
       Potion            |       |       |       |     1 |     3 ||     4
Armor: Scale mail        |    13 |       |       |       |       ||    13
       Chain mail        |    16 |    84 |   140 |    81 |       ||   321
       Plate armour      |       |       |       |   198 |   522 ||   720
Dodge: Dodged            |    32 |    46 |    71 |   168 |   240 ||   557
Block: Buckler           |    18 |    34 |    51 |   184 |   276 ||   563
       Reflection        |       |       |       |     1 |       ||     1
       Tower shield      |       |       |       |       |    66 ||    66

Table legend: (Time is in decaauts)
 A = Elapsed time spent in this place.
 B = Non-inter-level travel time spent in this place.
 C = Inter-level travel time spent in this place.
 D = Time resting spent in this place.
 E = Time spent auto-exploring this place.
 F = Levels seen in this place.
 G = Mean time per level.
                   A        B        C        D        E       F      G
               +--------+--------+--------+--------+--------+-----+--------+
         Total |  21823 |  20698 |   1125 |    898 |  13352 |  24 |  909.3 |
       Dungeon |  15083 |  14193 |    890 |    742 |   9065 |  15 | 1005.5 |
        Temple |     18 |     18 |      0 |      0 |      0 |   1 |   18.0 |
          Lair |   5058 |   4860 |    198 |    156 |   3521 |   5 | 1011.6 |
  Orcish Mines |   1289 |   1252 |     37 |      0 |    759 |   2 |  644.5 |
       Volcano |    373 |    373 |      0 |      0 |      6 |   1 |  373.0 |
               +--------+--------+--------+--------+--------+-----+--------+

Top non-repeatable levels by time:
     D:5: 1696 daAuts
  Lair:5: 1331 daAuts
     D:7: 1218 daAuts
    D:13: 1179 daAuts
     D:1: 1172 daAuts
     D:8: 1163 daAuts
    D:10: 1127 daAuts
  Lair:3: 1101 daAuts
     D:6: 1089 daAuts
  Lair:2: 1074 daAuts
     D:4: 1006 daAuts
  Lair:1: 981 daAuts
    D:15: 882 daAuts
     D:2: 839 daAuts
     D:9: 819 daAuts
